 Dungeon Crawl Stone Soup version 0.27-a0-1431-gcffa5a9b16 (webtiles) character file.

Game seed: 5239669550424939411

22936 Sobieck the Frost Mage (level 13, 0/98 HPs)
             Began as a Gnoll Ice Elementalist on July 2, 2021.
             Was a High Priest of Cheibriados.
             Slain by a death knight (20 damage)
             ... on level 13 of the Dungeon.
             The game lasted 00:47:34 (17658 turns).

Sobieck the Frost Mage (Gnoll Ice Elementalist)    Turns: 17658, Time: 00:47:34

Health: 0/98       AC: 13    Str: 20    XL:     13   Next: 3%
Magic:  0/26       EV: 20    Int: 35    God:    Cheibriados [*****.]
Gold:   275        SH:  0    Dex: 25    Spells: 13/30 levels left

rFire    . . .     SeeInvis .   a - +8 falchion "Zelucom" {vorpal, Int+4, long}
rCold    + + .     Faith    .   (no shield)
rNeg     . . .     Spirit   +   X - +2 troll leather armour
rPois    .         Reflect  .   d - +1 hat {Stlth+}
rElec    .         Harm     .   o - scarf {rC+ rF+}
rCorr    +         Rampage  .   M - +2 pair of gloves
Will     +....                  I - +0 pair of boots of Vlad {rCorr}
Stlth    +++++.....             j - amulet of guardian spirit
HPRegen  1.26/turn              S - ring of ice
MPRegen  0.20/turn              w - ring of willpower

@: mighty, very slow
A: fangs 1, strong nose, distributed training
a: Renounce Religion, Bend Time, Temporal Distortion, Slouch, Step From Time


You were on level 13 of the Dungeon.
You worshipped Cheibriados.
Cheibriados was extremely pleased with you.
You visited 2 branches of the dungeon, and saw 15 of its levels.

You collected 539 gold pieces.
You spent 264 gold pieces at shops.


Innate Abilities, Weirdness & Mutations

You have very sharp teeth.
Your uncanny sense of smell can sniff out nearby items.
Your experience applies equally to all skills.


   Skills:
 + Level 7.8 Fighting
 + Level 7.8 Short Blades
 + Level 7.8 Long Blades
 + Level 7.8 Axes
 + Level 7.8 Maces & Flails
 + Level 7.8 Polearms
 + Level 7.8 Staves
 + Level 7.8 Slings
 + Level 7.8 Bows
 + Level 7.8 Crossbows
 + Level 7.8 Throwing
 + Level 7.8 Armour
 + Level 9.2 Dodging
 + Level 9.0 Stealth
 + Level 7.8 Shields
 + Level 7.8 Unarmed Combat
 + Level 9.4 Spellcasting
 + Level 6.5 Conjurations
 + Level 6.5 Hexes
 + Level 6.5 Summonings
 + Level 6.5 Necromancy
 + Level 6.5 Translocations
 + Level 6.5 Transmutations
 + Level 6.5 Fire Magic
 + Level 9.7 Ice Magic
 + Level 6.5 Air Magic
 + Level 6.5 Earth Magic
 + Level 6.5 Poison Magic
 + Level 8.6 Invocations
 + Level 7.8 Evocations


You had 13 spell levels left.
You knew the following spells:

 Your Spells              Type           Power      Damage    Failure   Level
a - Hailstorm             Conj/Ice       83%        3d17      1%          4
b - Frozen Ramparts       Ice            100%       1d12      1%          3
c - Ozocubu's Armour      Ice            91%        N/A       1%          3
d - Summon Ice Beast      Ice/Summ       83%        N/A       1%          4
e - Lesser Beckoning      Tloc           29%        N/A       1%          3

Your spell library contained the following spells:

 Spells                   Type           Power      Damage    Failure   Level
 Animate Skeleton         Necr           100%       N/A       1%          1
 Apportation              Tloc           100%       N/A       1%          1
 Corona                   Hex            64%        N/A       1%          1
 Freeze                   Ice            100%       1d11      1%          1
 Pain                     Necr           100%       1d9       1%          1
 Sandblast                Erth           100%       2d20      1%          1
 Ensorcelled Hibernation  Hex/Ice        100%       N/A       1%          2
 Passwall                 Tmut/Erth      48%        N/A       1%          2
 Slow                     Hex            58%        N/A       1%          2
 Confusing Touch          Hex            58%        N/A       1%          3
 Gell's Gravitas          Tloc           29%        N/A       1%          3
 Spider Form              Tmut/Pois      29%        N/A       1%          3
 Teleport Other           Tloc           58%        N/A       1%          3
 Tukima's Dance           Hex            58%        N/A       1%          3
 Vampiric Draining        Necr           29%        2d10      1%          3
 Animate Armour           Summ/Erth      100%       N/A       1%          4
 Animate Dead             Necr           29%        N/A       1%          4
 Leda's Liquefaction      Hex/Erth       29%        N/A       1%          4
 Petrify                  Tmut/Erth      58%        N/A       1%          4
 Metabolic Englaciation   Hex/Ice        41%        N/A       3%          5
 Alistair's Intoxication  Tmut/Pois      38%        N/A       6%          5
 Blade Hands              Tmut           29%        N/A       6%          5
 Borgnjor's Vile Clutch   Necr/Erth      29%        N/A       6%          5
 Fireball                 Conj/Fire      29%        3d13      6%          5
 Iskenderun's Battlesphe  Conj           58%        2d11      6%          5
 Lee's Rapid Deconstruct  Erth           29%        3d16*     6%          5
 Summon Mana Viper        Hex/Summ       58%        N/A       6%          5
 Conjure Ball Lightning   Conj/Air       29%        3x3d8     32%         6
 Death Channel            Necr           29%        N/A       32%         6
 Dispersal                Tloc           29%        N/A       32%         6
 Invisibility             Hex            29%        N/A       32%         6
 Iron Shot                Conj/Erth      29%        9d6       32%         6
 Shadow Creatures         Summ           N/A        N/A       32%         6
 Statue Form              Tmut/Erth      38%        N/A       32%         6
 Monstrous Menagerie      Summ           29%        N/A       87%         7
 Orb of Destruction       Conj           29%        9d11      87%         7
 Polar Vortex             Ice            45%        N/A       100%        9
 Shatter                  Erth           29%        3d24*     100%        9

Inventory:

Hand Weapons
 a - the +8 falchion "Zelucom" (weapon) {vorpal, Int+4, long}
   (You bought it in a shop on level 7 of the Dungeon)

   It inflicts extra damage upon your enemies.
   Int:       It affects your intelligence (+4).
 b - a +7 scimitar of flaming {long}
   (You took it off an efreet on level 8 of the Dungeon)
 A - a +0 double sword of protection {longrare=g}
   (You found it on level 13 of the Dungeon)
Missiles
 c - 421 stones {throwing}
 e - 4 silver boomerangs {throwing}
 g - 453 arrows
 i - 79 sling bullets
 u - 44 poisoned darts {throwing}
 x - a curare-tipped dart {=fthrowing}
 y - 115 bolts
 N - 10 boomerangs (quivered) {throwing}
 W - 2 throwing nets {=f!fthrowing}
Armour
 d - a +1 hat of stealth (worn)
   (You took it off Gastronok on level 9 of the Dungeon)
 o - a scarf of resistance (worn)
   (You found it on level 2 of the Dungeon)
 q - a +0 crystal plate armour {rare=g}
   (You found it on level 2 of the Dungeon)
 s - a +1 cloak
   (You took it off Crazy Yiuf on level 2 of the Dungeon)
 I - the +0 pair of boots of Vlad (worn) {rCorr}
   (You found it on level 13 of the Dungeon)

   rCorr:     It protects you from acid and corrosion.
 M - a +2 pair of gloves (worn)
   (You found it on level 11 of the Dungeon)
 X - a +2 troll leather armour (worn)
   (You found it on level 12 of the Dungeon)
Magical Staves
 B - a staff of air {!astaff}
   (You found it on level 5 of the Dungeon)
 O - a staff of fire {!astaff}
   (You found it on level 9 of the Dungeon)
 Z - a staff of poison {!astaff}
   (You found it on level 12 of the Dungeon)
Jewellery
 j - an amulet of guardian spirit (around neck)
   (You found it on level 1 of the Dungeon)
 k - a ring of flight
   (You found it on level 1 of the Dungeon)
 w - a ring of willpower (right hand)
   (You found it on level 4 of the Dungeon)
 S - a ring of ice (left hand)
   (You took it off Fannar on level 10 of the Dungeon)
 T - a ring of protection from fire
   (You found it on level 10 of the Dungeon)
 V - a ring of positive energy
   (You found it on level 11 of the Dungeon)
Wands
 m - a wand of iceblast (14)
   (You found it on level 1 of the Dungeon)
 z - a wand of mindburst (15)
   (You found it on level 5 of the Dungeon)
 D - a wand of polymorph (8)
   (You found it on level 7 of the Dungeon)
 J - a wand of flame (62)
   (You found it on level 7 of the Dungeon)
 R - a wand of acid (16)
   (You found it on level 13 of the Dungeon)
Scrolls
 f - a scroll of fear
 p - 4 scrolls of teleportation {@r4}
 v - a scroll of amnesia
 F - a scroll of holy word
 K - 2 scrolls of fog
 P - 2 scrolls of immolation {!r!r}
 Y - a scroll of summoning {unknown}
Potions
 h - a potion of might
 l - 3 potions of brilliance
 n - 4 potions of curing {@q1}
 r - 3 potions of degeneration {!q@e2}
 t - 2 potions of resistance
 E - 2 potions of attraction {!q}
 G - a potion of cancellation
 H - a potion of lignification {!q}
 L - 2 potions of ambrosia
 Q - a potion of haste {forbidden@q3}

Dungeon Overview and Level Annotations

Branches:
Dungeon (14/15)            Temple (1/1) D:6            Lair (0/6) D:11
    Orc (0/2) D:10         Vaults (0/5) D:13

Altars:
Ashenzari
Cheibriados
Dithmenos
Elyvilon
Fedhas
Gozag
Hepliaklqana
Kikubaaqudgha
Makhleb
Nemelex Xobeh
Okawaru
Qazlal
Ru
Sif Muna
Trog
Uskayaw
Vehumet
Wu Jian
Xom
Yredelemnul
Zin
The Shining One

Shops:
D:7 (:   D:9 (=!:

Annotations:
D:5 exclusion: downstairs
D:12 3 runed translucent doors, mandarbmax's ghost, journeyman TrAM

.≈.≈.≈.≈#.#.#..#.####.#
...............#........
.≈.≈.≈.≈#.#).#.######.###
≈.≈.≈.≈................<#
.≈.≈.≈..#....#..........#
≈.≈.≈.≈.#..#..........#.#
########.#..#.###§####.#.#
........)#..#..)p.§.$..#.#
##########..#...@.##.#.#.#
#..#.###†.#. #.# #..#..
....# #.# ##########..#.#
#..## ............#.. ....
..########..### #.##.
..#......#..# .. #
..#.÷....#..# #.#
..#)####.#..#


You could see a death knight.


Message History

You strike the helpless skeletal warrior from behind!
You hit the skeletal warrior but do no damage.
The skeletal warrior hits you but does no damage.
Your ice beast hits the skeletal warrior but does no damage. 😮 HP[+1]
You hit the skeletal warrior but do no damage.
Your ice beast hits the skeletal warrior but does no damage.
The skeletal warrior closely misses you. 😮 HP[+1]
You barely miss the skeletal warrior.
Your ice beast completely misses the skeletal warrior.
Your ice beast barely misses the skeletal warrior.
The skeletal warrior barely misses you. 😮 HP[+1] MP[+1]
You slash the skeletal warrior!
You destroy the skeletal warrior!
Cheibriados appreciates the change of pace. 😮 HP[+1]
You start resting.
Your icy armour starts to melt.
Your ice beast convulses!
Your ice beast barely resists.
A death knight comes into view.
It is wielding a +3 great mace. 😮 HP[+15] MP[+2]
You regained 15 hp, and now have 70/98 hp.
You regained 2 mp, and now have 7/26 mp.
What are your orders? t - Bark!
Orders for allies: a - Attack new target. r - Retreat! s - Stop attacking. g - Guard the area. f - Follow me.
Anything else - Cancel.
Gang up on whom?
Press: ? - help, Dir - move target, f - death knight
Aim: a death knight, wielding a +3 great mace and wearing a +0 chain mail Attack!
Your icy armour evaporates.
Your ice beast barely misses the death knight.
Your ice beast hits the death knight.
Your ice beast freezes the death knight!
The death knight closely misses your ice beast. 😮 HP[+2]
You regained 2 hp, and now have 72/98 hp.
Your ice beast completely misses the death knight.
Your ice beast hits the death knight but does no damage.
The death knight hits your ice beast with a +3 great mace!! 😮 HP[+1]
Your ice beast disappears in a puff of smoke!
Your ice beast hits the death knight but does no damage.
The death knight barely misses your ice beast. 😕 HP[+1] MP[+1]
Your ice beast hits the death knight but does no damage.
Your ice beast closely misses the death knight.
The death knight hits your ice beast with a +3 great mace! 😕 HP[+1]
Your ice beast disappears in a puff of smoke!
Your ice beast closely misses the death knight. 😕 HP[+2]
You regained 2 hp, and now have 77/98 hp.
You slash the death knight!
You bite the death knight, but do no damage.
Your ice beast hits the death knight but does no damage.
The death knight hits you with a +3 great mace! 😮 HP[-10] MP[-1]
You take 10 damage, and now have 67/98 hp.
You lost 1 mp, and now have 7/26 mp.
You completely miss the death knight.
Your ice beast hits the death knight.
Your ice beast freezes the death knight!! 😮 HP[+1]
You hit the death knight but do no damage.
The death knight completely misses you.
You riposte.
You hit the death knight but do no damage.
You bite the death knight, but do no damage.
Your ice beast hits the death knight but does no damage. 😮 HP[+1] MP[+1]
You hit the death knight.
Your ice beast disappears in a puff of smoke!
The death knight hits you with a +3 great mace!! 😮 HP[-17] MP[-1]
You take 17 damage, and now have 52/98 hp.
You lost 1 mp, and now have 7/26 mp.
You slash the death knight!
The death knight hits you with a +3 great mace!
* * * LOW HITPOINT WARNING * * *
😨 HP[-12] MP[-2]
You take 12 damage, and now have 40/98 hp.
You lost 2 mp, and now have 5/26 mp.
You slash the death knight!
The death knight hits you with a +3 great mace!!
* * * LOW HITPOINT WARNING * * *
😱 HP[-21] MP[-3]
You take 21 damage, and now have 19/98 hp.
MASSIVE DAMAGE!! (PAUSE)
You lost 3 mp, and now have 2/26 mp.
Casting: Lesser Beckoning (safe; 1% risk of failure)
Confirm with . or Enter, or press ? or * to list all spells.
Okay, then.
You feel very mighty all of a sudden.
The death knight hits you with a +3 great mace!!
You die...

Skill      XL: |  1  2  3  4  5  6  7  8  9 10 11 12 13 |
---------------+----------------------------------------+-----
Spellcasting   | 5 6 7 8 9 |  9.4
Invocations    | 1 2 3 4 5 6 7 8 |  8.6
Fighting       | 1 2 3 4 6 7 |  7.8
Short Blades   | 1 2 3 4 6 7 |  7.8
Long Blades    | 1 2 3 4 6 7 |  7.8
Axes           | 1 2 3 4 6 7 |  7.8
Maces & Flails | 1 2 3 4 6 7 |  7.8
Polearms       | 1 2 3 4 6 7 |  7.8
Staves         | 1 2 3 4 6 7 |  7.8
Slings         | 1 2 3 4 6 7 |  7.8
Bows           | 1 2 3 4 6 7 |  7.8
Crossbows      | 1 2 3 4 6 7 |  7.8
Throwing       | 1 2 3 4 6 7 |  7.8
Armour         | 1 2 3 4 6 7 |  7.8
Shields        | 1 2 3 4 6 7 |  7.8
Unarmed Combat | 1 2 3 4 6 7 |  7.8
Evocations     | 1 2 3 4 6 7 |  7.8
Conjurations   | 1 2 3 5 6 |  6.5
Hexes          | 1 2 3 5 6 |  6.5
Summonings     | 1 2 3 5 6 |  6.5
Necromancy     | 1 2 3 5 6 |  6.5
Translocations | 1 2 3 5 6 |  6.5
Transmutations | 1 2 3 5 6 |  6.5
Fire Magic     | 1 2 3 5 6 |  6.5
Air Magic      | 1 2 3 5 6 |  6.5
Earth Magic    | 1 2 3 5 6 |  6.5
Poison Magic   | 1 2 3 5 6 |  6.5
Dodging        | 5 6 7 8 9 |  9.2
Stealth        | 5 6 7 8 9 |  9.0
Ice Magic      | 8 9 |  9.7

Action                   |  1- 3 |  4- 6 |  7- 9 | 10-12 | 13-15 || total
-------------------------+-------+-------+-------+-------+-------++-------
Melee: Whip              |     2 |       |       |       |       ||     2
       Dagger            |    33 |    94 |   202 |       |       ||   329
       Bite              |       |     5 |    19 |    68 |     7 ||    99
       Punch             |       |       |     4 |    19 |     2 ||    25
       Falchion          |       |       |    33 |   282 |    21 ||   336
       Scimitar          |       |       |       |    14 |       ||    14
Throw: Boomerang         |       |       |       |    12 |       ||    12
 Cast: Freeze            |    21 |       |       |       |       ||    21
       Ozocubu's Armour  |     7 |     7 |    27 |    45 |       ||    86
       Frozen Ramparts   |     6 |    13 |    36 |    54 |       ||   109
       Summon Ice Beast  |       |       |     4 |    14 |     3 ||    21
       Hailstorm         |       |       |     3 |     1 |       ||     4
       Lesser Beckoning  |       |       |       |    13 |     1 ||    14
Invok: Temporal Distorti |       |       |       |     1 |       ||     1
Evoke: Wand              |       |       |       |     2 |       ||     2
  Use: Scroll            |       |       |    11 |    22 |       ||    33
       Potion            |       |       |     1 |     9 |     1 ||    11
 Stab: Sleeping          |     1 |     6 |     4 |     3 |       ||    14
       Distracted        |       |       |       |     2 |     2 ||     4
Armor: Robe              |     7 |    11 |    93 |    81 |       ||   192
       Troll leather arm |       |       |       |    41 |     2 ||    43
Dodge: Dodged            |    31 |    63 |   196 |   392 |     9 ||   691
       Rpst.: Falchion   |       |       |    14 |    85 |     4 ||   103
       Scimitar          |       |       |       |     5 |       ||     5

Levels and vault maps discovered:
D:1:      mrwooster_arrival_statue_2, layout_basic,
          hellmonk_ecumenical_altar_lost_god, nrook_loot_triangle
D:2:      layout_loops_ring, chequers_big_river, minmay_rat_hole, uniq_sigmund,
          uniq_crazy_yiuf_cottage
D:3:      layout_loops_cross
D:4:      layout_basic
D:5:      layout_cave_pools, grunt_ministairs_5, uniq_edmund
D:6:      layout_rooms, minmay_temple_entry_statues_fountains
D:7:      layout_gridville, serial_shops, shop_fountains, nicolae_square_shop,
          kennysheep_generic_room_15, uniq_menkaure
D:8:      layout_layer_cave, kennysheep_generic_room_8
D:9:      layout_roguey, minmay_misc_feat_roman, nicolae_wooded_promenade,
          minmay_increasing_density, uniq_gastronok
D:10:     layout_layer_cave, xom_redecorated, orc_0_dummy, uniq_nergalle,
          uniq_fannar
D:11:     layout_loops_ring, erik_lair_orcish_takeover, enter_bailey_6,
          uniq_grum
D:12:     layout_loops_corners, ebering_ghost_rock_garden,
          gauntlet_entry_generic
D:13:     layout_basic, david_vaults_4, nicolae_dithmenos_the_darkroom
D:14:     layout_small_grid, infiniplex_staircase_trident,
          nicolae_trove_entry_diagonal
Temple:   kilobyte_greek_temple

Notes
Turn   | Place    | Note
-------+----------+-------------------------------------------
     0 | D:1      | Sobieck the Gnoll Ice Elementalist began the quest for the
                  | Orb.
     0 | D:1      | Reached XP level 1. HP: 13/13 MP: 6/6
     0 | D:1      | magus.rc [v1.9.6]
     4 | D:1      | You pick up a book of Party Tricks and begin reading...
     4 | D:1      | You add the spells Apportation, Alistair's Intoxication and
                  | Invisibility to your library.
   107 | D:2      | Reached XP level 2. HP: 19/19 MP: 5/7
   375 | D:1      | Reached XP level 3. HP: 24/25 MP: 6/9
   380 | D:1      | Reached skill level 5 in Spellcasting
   524 | D:1      | Learned a level 3 spell: Frozen Ramparts
   528 | D:1      | Learned a level 3 spell: Ozocubu's Armour
   837 | D:1      | Found a faded altar of an unknown god.
   856 | D:1      | Reached skill level 1 in Invocations
  1172 | D:1      | Reached skill level 1 in Fighting
  1172 | D:1      | Reached skill level 1 in Short Blades
  1172 | D:1      | Reached skill level 1 in Long Blades
  1172 | D:1      | Reached skill level 1 in Axes
  1172 | D:1      | Reached skill level 1 in Maces & Flails
  1172 | D:1      | Reached skill level 1 in Polearms
  1172 | D:1      | Reached skill level 1 in Staves
  1172 | D:1      | Reached skill level 1 in Slings
  1172 | D:1      | Reached skill level 1 in Bows
  1172 | D:1      | Reached skill level 1 in Crossbows
  1172 | D:1      | Reached skill level 1 in Throwing
  1172 | D:1      | Reached skill level 1 in Armour
  1172 | D:1      | Reached skill level 1 in Shields
  1172 | D:1      | Reached skill level 1 in Unarmed Combat
  1172 | D:1      | Reached skill level 1 in Evocations
  1438 | D:2      | Reached XP level 4. HP: 32/32 MP: 0/11
  1593 | D:2      | Noticed Sigmund
  1603 | D:2      | Killed Sigmund
  1604 | D:2      | Reached skill level 1 in Conjurations
  1604 | D:2      | Reached skill level 1 in Hexes
  1604 | D:2      | Reached skill level 1 in Summonings
  1604 | D:2      | Reached skill level 1 in Necromancy
  1604 | D:2      | Reached skill level 1 in Translocations
  1604 | D:2      | Reached skill level 1 in Transmutations
  1604 | D:2      | Reached skill level 1 in Fire Magic
  1604 | D:2      | Reached skill level 1 in Air Magic
  1604 | D:2      | Reached skill level 1 in Earth Magic
  1604 | D:2      | Reached skill level 1 in Poison Magic
  1604 | D:2      | Reached skill level 2 in Invocations
  1604 | D:2      | Reached XP level 5. HP: 27/38 MP: 5/12
  1604 | D:2      | Reached XP level 6. HP: 31/44 MP: 5/13
  1745 | D:2      | You add the spells Gell's Gravitas, Teleport Other and
                  | Dispersal to your library.
  1753 | D:2      | Found a runed translucent door.
  1754 | D:2      | Noticed Crazy Yiuf
  2487 | D:2      | Identified a +0 crystal plate armour
  2488 | D:2      | q - a +0 crystal plate armour {rare=g}
  2533 | D:2      | Killed Crazy Yiuf
  2618 | D:2      | You finish putting on your +0 crystal plate armour
                  | {rare=g}.
  2623 | D:2      | You finish taking off your +0 crystal plate armour
                  | {rare=g}.
  2835 | D:3      | Reached skill level 5 in Dodging
  2976 | D:3      | Reached skill level 2 in Fighting
  2976 | D:3      | Reached skill level 2 in Short Blades
  2976 | D:3      | Reached skill level 2 in Long Blades
  2976 | D:3      | Reached skill level 2 in Axes
  2976 | D:3      | Reached skill level 2 in Maces & Flails
  2976 | D:3      | Reached skill level 2 in Polearms
  2976 | D:3      | Reached skill level 2 in Staves
  2976 | D:3      | Reached skill level 2 in Slings
  2976 | D:3      | Reached skill level 2 in Bows
  2976 | D:3      | Reached skill level 2 in Crossbows
  2976 | D:3      | Reached skill level 2 in Throwing
  2976 | D:3      | Reached skill level 2 in Armour
  2976 | D:3      | Reached skill level 2 in Shields
  2976 | D:3      | Reached skill level 2 in Unarmed Combat
  2976 | D:3      | Reached skill level 2 in Evocations
  3624 | D:5      | Entered Level 5 of the Dungeon
  3636 | D:5      | Reached XP level 7. HP: 47/50 MP: 6/15
  4252 | D:4      | Reached skill level 2 in Conjurations
  4252 | D:4      | Reached skill level 2 in Hexes
  4252 | D:4      | Reached skill level 2 in Summonings
  4252 | D:4      | Reached skill level 2 in Necromancy
  4252 | D:4      | Reached skill level 2 in Translocations
  4252 | D:4      | Reached skill level 2 in Transmutations
  4252 | D:4      | Reached skill level 2 in Fire Magic
  4252 | D:4      | Reached skill level 2 in Air Magic
  4252 | D:4      | Reached skill level 2 in Earth Magic
  4252 | D:4      | Reached skill level 2 in Poison Magic
  4656 | D:5      | Identified a scroll of acquirement
  4656 | D:5      | Acquired the Incunabulum of the Ashen Snowflakes
  4657 | D:5      | You add the spells Leda's Liquefaction, Summon Ice Beast,
                  | Borgnjor's Vile Clutch, Shatter and Polar Vortex to your
                  | library.
  4684 | D:5      | Noticed Edmund
  4698 | D:5      | Killed Edmund
  4699 | D:5      | Reached skill level 5 in Stealth
  4699 | D:5      | Reached skill level 3 in Invocations
  4914 | D:5      | Reached XP level 8. HP: 43/57 MP: 9/16
  5080 | D:5      | Reached skill level 3 in Fighting
  5080 | D:5      | Reached skill level 3 in Short Blades
  5080 | D:5      | Reached skill level 3 in Long Blades
  5080 | D:5      | Reached skill level 3 in Axes
  5080 | D:5      | Reached skill level 3 in Maces & Flails
  5080 | D:5      | Reached skill level 3 in Polearms
  5080 | D:5      | Reached skill level 3 in Staves
  5080 | D:5      | Reached skill level 3 in Slings
  5080 | D:5      | Reached skill level 3 in Bows
  5080 | D:5      | Reached skill level 3 in Crossbows
  5080 | D:5      | Reached skill level 3 in Throwing
  5080 | D:5      | Reached skill level 3 in Armour
  5080 | D:5      | Reached skill level 3 in Shields
  5080 | D:5      | Reached skill level 3 in Unarmed Combat
  5080 | D:5      | Reached skill level 3 in Evocations
  5236 | D:5      | Reached skill level 6 in Spellcasting
  5278 | D:5      | You pick up a book of Displacement and begin reading...
  5378 | D:5      | You pick up a book of Displacement and begin reading...
  5382 | D:6      | Noticed a wraith
  5629 | D:6      | Killed a wraith
  5631 | D:6      | Reached skill level 4 in Invocations
  5889 | D:6      | Reached skill level 3 in Conjurations
  5889 | D:6      | Reached skill level 3 in Hexes
  5889 | D:6      | Reached skill level 3 in Summonings
  5889 | D:6      | Reached skill level 3 in Necromancy
  5889 | D:6      | Reached skill level 3 in Translocations
  5889 | D:6      | Reached skill level 3 in Transmutations
  5889 | D:6      | Reached skill level 3 in Fire Magic
  5889 | D:6      | Reached skill level 3 in Air Magic
  5889 | D:6      | Reached skill level 3 in Earth Magic
  5889 | D:6      | Reached skill level 3 in Poison Magic
  5906 | D:6      | Reached skill level 6 in Dodging
  5980 | D:6      | Reached XP level 9. HP: 43/65 MP: 8/18
  6140 | D:6      | Learned a level 4 spell: Hailstorm
  6145 | D:6      | Learned a level 4 spell: Summon Ice Beast
  6233 | D:6      | Found a staircase to the Ecumenical Temple.
  6317 | Temple   | Entered the Ecumenical Temple
  6370 | Temple   | Became a worshipper of Cheibriados the Contemplative
  6419 | D:6      | You pick up a book of Dreams and begin reading...
  6419 | D:6      | You add the spells Ensorcelled Hibernation, Spider Form and
                  | Shadow Creatures to your library.
  6476 | D:6      | Reached skill level 4 in Fighting
  6476 | D:6      | Reached skill level 4 in Short Blades
  6476 | D:6      | Reached skill level 4 in Long Blades
  6476 | D:6      | Reached skill level 4 in Axes
  6476 | D:6      | Reached skill level 4 in Maces & Flails
  6476 | D:6      | Reached skill level 4 in Polearms
  6476 | D:6      | Reached skill level 4 in Staves
  6476 | D:6      | Reached skill level 4 in Slings
  6476 | D:6      | Reached skill level 4 in Bows
  6476 | D:6      | Reached skill level 4 in Crossbows
  6476 | D:6      | Reached skill level 4 in Throwing
  6476 | D:6      | Reached skill level 4 in Armour
  6476 | D:6      | Reached skill level 4 in Shields
  6476 | D:6      | Reached skill level 4 in Unarmed Combat
  6476 | D:6      | Reached skill level 4 in Evocations
  6684 | D:6      | Reached skill level 6 in Stealth
  6684 | D:6      | Reached skill level 8 in Ice Magic
  7150 | D:7      | Noticed Menkaure
  7259 | D:7      | Killed Menkaure
  7595 | D:7      | Found Cauvarch's Book Shoppe.
  7600 | D:7      | Found Diqoz's Antique Weapon Shop.
  7638 | D:7      | Bought a translucent falchion for 264 gold pieces
  7638 | D:7      | Identified the +8 falchion "Zelucom" {vorpal, Int+4} (You
                  | bought it in a shop on level 7 of the Dungeon)
  7664 | D:7      | Reached * piety under Cheibriados
  7674 | D:7      | Reached skill level 5 in Invocations
  7880 | D:7      | You pick up a book of Maledictions and begin reading...
  7880 | D:7      | You add the spells Corona and Tukima's Dance to your
                  | library.
  7982 | D:7      | You pick up a book of Beasts and begin reading...
  7982 | D:7      | You add the spells Summon Mana Viper and Monstrous
                  | Menagerie to your library.
  8363 | D:8      | Reached skill level 7 in Spellcasting
  8436 | D:8      | Reached XP level 10. HP: 72/73 MP: 13/20
  8437 | D:8      | Reached skill level 4 in Conjurations
  8437 | D:8      | Reached skill level 4 in Hexes
  8437 | D:8      | Reached skill level 4 in Summonings
  8437 | D:8      | Reached skill level 4 in Necromancy
  8437 | D:8      | Reached skill level 4 in Translocations
  8437 | D:8      | Reached skill level 4 in Transmutations
  8437 | D:8      | Reached skill level 4 in Fire Magic
  8437 | D:8      | Reached skill level 4 in Air Magic
  8437 | D:8      | Reached skill level 4 in Earth Magic
  8437 | D:8      | Reached skill level 4 in Poison Magic
  8444 | D:8      | Learned a level 3 spell: Lesser Beckoning
  8615 | D:8      | Reached ** piety under Cheibriados
  8653 | D:8      | You pick up a book of the Spheres and begin reading...
  8653 | D:8      | You add the spells Iskenderun's Battlesphere, Fireball,
                  | Conjure Ball Lightning and Orb of Destruction to your
                  | library.
  8704 | D:8      | Reached skill level 5 in Fighting
  8704 | D:8      | Reached skill level 5 in Short Blades
  8704 | D:8      | Reached skill level 5 in Long Blades
  8704 | D:8      | Reached skill level 5 in Axes
  8704 | D:8      | Reached skill level 5 in Maces & Flails
  8704 | D:8      | Reached skill level 5 in Polearms
  8704 | D:8      | Reached skill level 5 in Staves
  8704 | D:8      | Reached skill level 5 in Slings
  8704 | D:8      | Reached skill level 5 in Bows
  8704 | D:8      | Reached skill level 5 in Crossbows
  8704 | D:8      | Reached skill level 5 in Throwing
  8704 | D:8      | Reached skill level 5 in Armour
  8704 | D:8      | Reached skill level 5 in Shields
  8704 | D:8      | Reached skill level 5 in Unarmed Combat
  8704 | D:8      | Reached skill level 5 in Evocations
  8952 | D:8      | Identified the +6 hunting sling of Ethereal Cruel Justice
                  | {speed, rC+ rCorr Str+4 Int-4}
  9451 | D:8      | Reached skill level 7 in Dodging
 10070 | D:9      | Reached *** piety under Cheibriados
 10113 | D:9      | You pick up a book of Sloth and begin reading...
 10113 | D:9      | You add the spells Petrify and Statue Form to your library.
 10363 | D:10     | Entered Level 10 of the Dungeon
 10572 | D:9      | You pick up a book of Geomancy and begin reading...
 10572 | D:9      | You add the spells Sandblast, Passwall and Lee's Rapid
                  | Deconstruction to your library.
 10693 | D:9      | Found Zuirreh's Book Shop.
 10695 | D:9      | Found Visaipt's Distillery.
 10695 | D:9      | Found Pian's Jewellery Shoppe.
 10697 | D:9      | Found Pitrom's Weapon Emporium.
 10757 | D:9      | Reached skill level 6 in Invocations
 10821 | D:9      | Noticed a two-headed ogre
 10822 | D:9      | Noticed Gastronok
 10827 | D:9      | Killed a two-headed ogre
 10828 | D:9      | Reached skill level 7 in Stealth
 10829 | D:9      | HP: 14/75 [Gastronok/the air (23)]
 10830 | D:9      | HP: 6/75 [something (8)]
 10845 | D:9      | HP: 3/76 [Gastronok (28)]
 10850 | D:9      | Killed Gastronok
 10851 | D:9      | Reached skill level 6 in Fighting
 10851 | D:9      | Reached skill level 6 in Short Blades
 10851 | D:9      | Reached skill level 6 in Long Blades
 10851 | D:9      | Reached skill level 6 in Axes
 10851 | D:9      | Reached skill level 6 in Maces & Flails
 10851 | D:9      | Reached skill level 6 in Polearms
 10851 | D:9      | Reached skill level 6 in Staves
 10851 | D:9      | Reached skill level 6 in Slings
 10851 | D:9      | Reached skill level 6 in Bows
 10851 | D:9      | Reached skill level 6 in Crossbows
 10851 | D:9      | Reached skill level 6 in Throwing
 10851 | D:9      | Reached skill level 6 in Armour
 10851 | D:9      | Reached skill level 6 in Shields
 10851 | D:9      | Reached skill level 6 in Unarmed Combat
 10851 | D:9      | Reached skill level 5 in Conjurations
 10851 | D:9      | Reached skill level 5 in Hexes
 10851 | D:9      | Reached skill level 5 in Summonings
 10851 | D:9      | Reached skill level 5 in Necromancy
 10851 | D:9      | Reached skill level 5 in Translocations
 10851 | D:9      | Reached skill level 5 in Transmutations
 10851 | D:9      | Reached skill level 5 in Fire Magic
 10851 | D:9      | Reached skill level 5 in Air Magic
 10851 | D:9      | Reached skill level 5 in Earth Magic
 10851 | D:9      | Reached skill level 5 in Poison Magic
 10851 | D:9      | Reached skill level 6 in Evocations
 10851 | D:9      | Reached XP level 11. HP: 24/81 MP: 1/22
 10851 | D:9      | HP: 4/81 [orc warrior (20)]
 11337 | D:9      | You pick up a book of Displacement and begin reading...
 11349 | D:10     | Noticed Fannar
 11584 | D:10     | Killed Fannar
 11585 | D:10     | Reached skill level 8 in Spellcasting
 11860 | D:10     | Reached **** piety under Cheibriados
 12089 | D:10     | Found a shimmering altar of Xom.
 12091 | D:10     | Found a shimmering altar of Xom.
 12091 | D:10     | Found a shimmering altar of Xom.
 12091 | D:10     | Found a shimmering altar of Xom.
 12091 | D:10     | Found a shimmering altar of Xom.
 12092 | D:10     | Found a shimmering altar of Xom.
 12099 | D:10     | Found a shimmering altar of Xom.
 12268 | D:10     | Noticed Nergalle
 12278 | D:10     | Killed Nergalle
 12279 | D:10     | Reached skill level 9 in Ice Magic
 12279 | D:10     | Reached skill level 7 in Invocations
 12377 | D:10     | You pick up a book of Iron and begin reading...
 12377 | D:10     | You add the spells Animate Armour, Blade Hands and Iron
                  | Shot to your library.
 12381 | D:10     | You pick up a book of Necromancy and begin reading...
 12381 | D:10     | You add the spells Pain, Animate Skeleton and Vampiric
                  | Draining to your library.
 12590 | D:10     | Reached skill level 8 in Dodging
 13027 | D:10     | Found a staircase to the Orcish Mines.
 13046 | D:9      | You finish putting on your +0 crystal plate armour
                  | {rare=g}.
 13051 | D:9      | You finish taking off your +0 crystal plate armour
                  | {rare=g}.
 13559 | D:11     | Noticed Grum
 13565 | D:11     | Killed Grum
 13566 | D:11     | Reached skill level 8 in Stealth
 13677 | D:11     | Found a staircase to the Lair.
 13866 | D:11     | Reached ***** piety under Cheibriados
 14078 | D:11     | Noticed a manticore
 14087 | D:11     | Killed a manticore
 14186 | D:11     | You pick up a book of Debilitation and begin reading...
 14186 | D:11     | You add the spells Slow and Confusing Touch to your
                  | library.
 14210 | D:11     | Reached XP level 12. HP: 89/89 MP: 20/24
 14723 | D:12     | Noticed a centaur warrior
 14733 | D:12     | Killed a centaur warrior
 14734 | D:12     | Reached skill level 7 in Fighting
 14734 | D:12     | Reached skill level 7 in Short Blades
 14734 | D:12     | Reached skill level 7 in Long Blades
 14734 | D:12     | Reached skill level 7 in Axes
 14734 | D:12     | Reached skill level 7 in Maces & Flails
 14734 | D:12     | Reached skill level 7 in Polearms
 14734 | D:12     | Reached skill level 7 in Staves
 14734 | D:12     | Reached skill level 7 in Slings
 14734 | D:12     | Reached skill level 7 in Bows
 14734 | D:12     | Reached skill level 7 in Crossbows
 14734 | D:12     | Reached skill level 7 in Throwing
 14734 | D:12     | Reached skill level 7 in Armour
 14734 | D:12     | Reached skill level 7 in Shields
 14734 | D:12     | Reached skill level 7 in Unarmed Combat
 14734 | D:12     | Reached skill level 7 in Evocations
 14979 | D:12     | You pick up a book of Unlife and begin reading...
 14979 | D:12     | You add the spells Animate Dead and Death Channel to your
                  | library.
 15289 | D:12     | Found a runed translucent gate.
 15289 | D:12     | Found a runed translucent gate.
 15290 | D:12     | Found a runed translucent gate.
 15291 | D:12     | Noticed mandarbmax's ghost (journeyman TrAM)
 15624 | D:13     | Identified the +0 pair of boots of Vlad {rCorr}
 15730 | D:12     | You pick up a book of Sloth and begin reading...
 15983 | D:13     | Found a shadowy altar of Dithmenos.
 16038 | D:13     | Noticed a boulder beetle
 16082 | D:13     | Killed a boulder beetle
 16236 | D:13     | Noticed a tengu warrior
 16249 | D:13     | Killed a tengu warrior
 16250 | D:13     | Reached skill level 6 in Conjurations
 16250 | D:13     | Reached skill level 6 in Hexes
 16250 | D:13     | Reached skill level 6 in Summonings
 16250 | D:13     | Reached skill level 6 in Necromancy
 16250 | D:13     | Reached skill level 6 in Translocations
 16250 | D:13     | Reached skill level 6 in Transmutations
 16250 | D:13     | Reached skill level 6 in Fire Magic
 16250 | D:13     | Reached skill level 6 in Air Magic
 16250 | D:13     | Reached skill level 6 in Earth Magic
 16250 | D:13     | Reached skill level 6 in Poison Magic
 16366 | D:13     | Noticed a boulder beetle
 16378 | D:13     | Killed a boulder beetle
 16379 | D:13     | Reached skill level 9 in Spellcasting
 16379 | D:13     | Reached skill level 8 in Invocations
 16683 | D:14     | Noticed a boulder beetle
 16695 | D:13     | Killed a boulder beetle
 17072 | D:13     | Reached skill level 9 in Dodging
 17276 | D:13     | Noticed a seven-headed hydra
 17285 | D:13     | Killed a six-headed hydra
 17505 | D:13     | Found a gate to the Vaults.
 17508 | D:13     | magus.rc [v1.9.6]
 17549 | D:13     | A - a +0 double sword {longrare=g}
 17576 | D:13     | your +0 double sword {longrare=g} projects an invisible
                  | shield of force!
 17576 | D:13     | A - a +0 double sword of protection {longrare=g}
 17603 | D:13     | Reached XP level 13. HP: 98/98 MP: 20/26
 17606 | D:13     | Reached skill level 9 in Stealth
 17657 | D:13     | HP: 19/98 [death knight (23)]
 17658 | D:13     | Slain by a death knight

Vanquished Creatures
  Gastronok (D:9)
  Fannar (D:10)
  A hydra (D:13)
  2 boulder beetles (D:13)
  A centaur warrior (D:12)
  A two-headed ogre (D:9)
  A tengu warrior (D:13)
  Nergalle (D:10)
  A skeletal warrior (D:13)
  A deep troll (D:13)
  4 manticores
  2 cyclopes (D:13)
  A gargoyle (D:13)
  An unseen horror (D:12)
  A kobold demonologist (D:11)
  An efreet (D:8)
  A freezing wraith (D:13)
  3 trolls
  A hornet (D:10)
  4 slime creatures (D:13)
  Sigmund (D:2)
  2 shadows
  3 wraiths
  12 yaks
  Grum (D:11)
  2 wyverns (D:9)
  2 vampire mosquitoes (D:11)
  2 wargs (D:11)
  Edmund (D:5)
  An acid dragon (D:11)
  2 water moccasins
  9 orc warriors
  3 sky beasts
  2 ogres
  3 wolves (D:11)
  10 centaurs
  3 kobold brigands
  A phantom (D:6)
  2 gnoll sergeants (D:12)
  3 bullfrogs
  3 scorpions
  A wyvern zombie (D:7)
  A water moccasin skeleton (D:6)
  6 killer bees (D:8)
  4 wights (D:8)
  14 howler monkeys
  An electric eel (D:13)
  A centaur zombie (D:6)
  2 hounds
  3 centaur skeletons
  8 orc priests
  Crazy Yiuf (D:2)
  5 iguanas
  18 orc wizards
  2 howler monkey zombies (D:8)
  8 gnolls
  8 adders
  A worm (D:2)
  An adder skeleton (D:4)
  3 dart slugs
  54 orcs
  A bat (D:1)
  5 endoplasms
  4 giant cockroaches
  7 goblins
  13 hobgoblins
  9 jackals
  30 kobolds
  7 quokkas
  2 ball pythons
  2 frilled lizards
  23 rats
343 creatures vanquished.

Vanquished Creatures (collateral kills)
  A boulder beetle (D:13)
  A deep elf pyromancer (D:13)
  Menkaure (D:7)
  An acid dragon (D:7)
  An orc priest (D:6)
5 creatures vanquished.

Vanquished Creatures (others)
  19 plants (D:2)
19 creatures vanquished.

Grand Total: 367 creatures vanquished

Table legend:
 A = Non-vault XP
 B = Vault XP
 C = Vault XP percentage of total XP
 D = Non-vault monster count
 E = Vault monster count
 F = Vault count percentage of total count
                 A         B        C        D         E       F
            +---------+---------+-------+---------+---------+-------
      Total |   24422 |    8345 |  25.5 |     301 |      47 |  13.5
            +---------+---------+-------+---------+---------+-------
        D:1 |      65 |       0 |   0.0 |      35 |       0 |   0.0
        D:2 |      46 |     284 |  86.1 |      17 |      21 |  55.3
        D:3 |     146 |       0 |   0.0 |      19 |       0 |   0.0
        D:4 |     243 |       0 |   0.0 |      23 |       0 |   0.0
        D:5 |     501 |     246 |  32.9 |      17 |       3 |  15.0
        D:6 |    1589 |       0 |   0.0 |      29 |       0 |   0.0
        D:7 |    1179 |      93 |   7.3 |      19 |       1 |   5.0
        D:8 |    1988 |       0 |   0.0 |      46 |       0 |   0.0
        D:9 |    1268 |    3123 |  71.1 |      12 |       6 |  33.3
       D:10 |    2751 |    1749 |  38.9 |      26 |       2 |   7.1
       D:11 |    2315 |    1134 |  32.9 |      16 |      12 |  42.9
       D:12 |    2760 |       0 |   0.0 |      14 |       0 |   0.0
       D:13 |    9571 |    1716 |  15.2 |      28 |       2 |   6.7
            +---------+---------+-------+---------+---------+-------

Illustrated notes

Table legend:
 A = Kills in this place as a percentage of kills in entire the game.
 B = Kills by you in this place as a percentage of kills by you in the entire game.
 C = Kills by friends in this place as a percentage of kills by friends in the entire game.
 D = Other kills in this place as a percentage of other kills in the entire game.
 E = Experience gained in this place as a percentage of experience gained in the entire game.
 F = Experience gained in this place divided by the number of levels of this place that you have seen.
                   A       B       C       D       E      F
               +-------+-------+-------+-------+-------+----------------------
         Total | 100.0 | 100.0 | 100.0 |   N/A | 100.0 | 2184.5
       Dungeon | 100.0 | 100.0 | 100.0 |   N/A | 100.0 | 2340.5
               +-------+-------+-------+-------+-------+----------------------

Table legend: (Time is in decaauts)
 A = Elapsed time spent in this place.
 B = Non-inter-level travel time spent in this place.
 C = Inter-level travel time spent in this place.
 D = Time resting spent in this place.
 E = Time spent auto-exploring this place.
 F = Levels seen in this place.
 G = Mean time per level.
                   A        B        C        D        E       F      G
               +--------+--------+--------+--------+--------+-----+--------+
         Total |  21313 |  20326 |    987 |   5879 |  11223 |  15 | 1420.9 |
       Dungeon |  21206 |  20272 |    934 |   5879 |  11186 |  14 | 1514.7 |
        Temple |    106 |     54 |     52 |      0 |     37 |   1 |  106.0 |
               +--------+--------+--------+--------+--------+-----+--------+

Top non-repeatable levels by time:
    D:10: 2552 daAuts
     D:8: 2228 daAuts
    D:13: 2069 daAuts
    D:12: 2003 daAuts
    D:11: 1954 daAuts
     D:9: 1882 daAuts
     D:6: 1389 daAuts
     D:1: 1339 daAuts
     D:5: 1288 daAuts
     D:2: 1266 daAuts
     D:7: 1247 daAuts
     D:4: 1164 daAuts
     D:3: 769 daAuts
  Temple: 106 daAuts
    D:14: 51 daAuts
